 Dungeon Crawl Stone Soup version 0.22.1-1-ga44c0e5 (webtiles) character file.

218 tifemel the Skirmisher (level 5, -7/50 HPs)
             Began as a Minotaur Fighter on Oct 12, 2018.
             Was an Initiate of Okawaru.
             Killed by nerve-wracking pain
             ... invoked by an orc priest
              (9 damage)
             ... on level 4 of the Dungeon.
             The game lasted 00:06:25 (2074 turns).

tifemel the Skirmisher (Minotaur Fighter)           Turns: 2074, Time: 00:06:26

Health: -7/50      AC: 11    Str: 22    XL:     5   Next: 63%
Magic:  4/4        EV:  5    Int:  5    God:    Okawaru [......]
Gold:   258        SH:  9    Dex:  9    Spells: 4/4 levels left

rFire    . . .     SeeInvis .   a - +0 war axe
rCold    . . .     Gourm    .   c - +0 shield
rNeg     . . .     Faith    .   u - +0 chain mail
rPois    +         Spirit   .   (helmet restricted)
rElec    .         Reflect  .   w - +1 cloak {rPois}
rCorr    .         Harm     .   (no gloves)
MR       .....                  (no boots)
Stlth    ..........             (no amulet)
HPRegen  0.16/turn              (no ring)
MPRegen  0.09/turn              (no ring)

@: no status effects
A: retaliatory headbutt, horns 2
a: Renounce Religion


You were on level 4 of the Dungeon.
You worshipped Okawaru.
Okawaru was noncommittal.
You were not hungry.

You visited 1 branch of the dungeon, and saw 4 of its levels.

You collected 258 gold pieces.

Inventory:

Hand Weapons
 a - a +0 war axe (weapon)
 r - a +0 shortbow
Missiles
 n - 60 arrows
Armour
 c - a +0 shield (worn)
 u - a +0 chain mail (worn)
 w - a +1 cloak of poison resistance (worn)
Jewellery
 g - a +2 ring of strength {unknown}
 p - an uncursed ring of flight {unknown}
Wands
 x - a wand of flame (37)
Scrolls
 e - 2 scrolls of fog {unknown}
 h - 2 scrolls of enchant weapon {unknown}
 i - 4 scrolls of remove curse {unknown}
 k - a scroll of immolation {unknown}
 l - a scroll of random uselessness {unknown}
 m - a scroll of blinking {unknown}
 o - a scroll of amnesia {unknown}
 q - 2 scrolls of magic mapping {unknown}
 t - 3 scrolls of teleportation {unknown}
Potions
 b - a potion of degeneration {unknown}
 d - a potion of might
 j - a potion of heal wounds {unknown}
 s - a potion of resistance {unknown}
 v - a potion of curing {unknown}
Comestibles
 f - 6 rations


   Skills:
 + Level 6.0 Fighting
 + Level 5.3 Axes
 - Level 3.6 Armour
 - Level 3.6 Shields


You had 4 spell levels left.
You didn't know any spells.
Your spell library contained the following spells:

 Spells                   Type           Power        Failure   Level  Hunger
 Magic Dart               Conj           #...         100%        1    ##.....
 Blink                    Tloc           N/A          100%        2    ###....
 Call Imp                 Summ           #.......     100%        2    ###....
 Slow                     Hex            #.......     100%        2    ###....
 Conjure Flame            Conj/Fire      #.......     100%        3    ####...
 Mephitic Cloud           Conj/Pois/Air  #.......     100%        3    ####...


Dungeon Overview and Level Annotations

Branches:
Dungeon (4/15)
 Temple: D:4-7

Altars:
Ashenzari
Gozag
Okawaru

Annotations:
D:4 1 transporter


Innate Abilities, Weirdness & Mutations

You reflexively headbutt those who attack you in melee.
You have a pair of horns on your head.


Message History

The shadow imp gestures at you. Pain shoots through your body!
The shadow imp gestures at you. Pain shoots through your body!
The shadow imp gestures at you. Pain shoots through your body!
The orc priest mumbles some strange prayers to Beogh against you.
Beogh smites you!
* * * LOW HITPOINT WARNING * * *
There is a fountain of sparkling water here.
You enter the shallow water.
Moving in this stuff is going to be slow.
The shadow imp shouts, "Leave, thou puking dizzy-eyed ruminant!"
The orc priest miscasts a cantrip.
The shadow imp gestures at you. Pain shoots through your body!
* * * LOW HITPOINT WARNING * * *
The orc priest invokes the aid of Beogh against you.
Pain shoots through your body!
You die...

#..........# #.# ####.#.#####
##.######..#
.........#######..........#
######.#..................#
#...###############.# .
#######.#8≈#..oo.5.#P8#.####..
........#P.#≈≈≈≈≈≈≈#.P#......
#####...#$.#..≈≈≈..#..#...#
#..©#©(+.@≈⌠≈..'.©#©..#
##..#$.#..≈P≈..#..#..##
##.#P.#≈≈≈≈≈≈≈#.P#.##
##.#8≈#...55..#P8#.#
#..###############.#
#..................#
#.##.############### #. #.# #.
#.#


You could see 2 orc priests and 3 shadow imps.

Vanquished Creatures
  A centaur (D:3)
  Terence (D:3)
  2 adders (D:2)
  A worm (D:2)
  2 leopard geckos
  7 orcs (D:3)
  11 bats
  6 giant cockroaches
  13 goblins
  10 hobgoblins
  3 jackals (D:2)
  10 kobolds
  2 quokkas (D:3)
  3 frilled lizards
  10 rats
82 creatures vanquished.

Vanquished Creatures (others)
  4 toadstools (D:1)
4 creatures vanquished.

Grand Total: 86 creatures vanquished

Notes
Turn   | Place    | Note
-------+----------+-------------------------------------------
     0 | D:1      | tifemel the Minotaur Fighter began the quest for the Orb.
     0 | D:1      | Reached XP level 1. HP: 19/19 MP: 0/0
   107 | D:1      | Reached skill level 4 in Fighting
   187 | D:1      | Reached XP level 2. HP: 27/27 MP: 1/1
   644 | D:2      | Found a shattered altar of Ashenzari.
   659 | D:2      | Found an iron altar of Okawaru.
   659 | D:2      | Found an opulent altar of Gozag.
   674 | D:2      | Became a worshipper of Warmaster Okawaru
   746 | D:2      | Reached XP level 3. HP: 34/34 MP: 2/2
  1035 | D:2      | Reached XP level 4. HP: 41/41 MP: 3/3
  1179 | D:3      | Reached skill level 5 in Fighting
  1189 | D:3      | Noticed a centaur
  1198 | D:3      | Killed a centaur
  1198 | D:3      | Reached XP level 5. HP: 33/49 MP: 4/4
  1441 | D:3      | Noticed Terence
  1450 | D:3      | Killed Terence
  1450 | D:3      | Reached skill level 5 in Axes
  1675 | D:3      | Reached skill level 6 in Fighting
  2004 | D:4      | Found a transporter.
  2014 | D:4      | Found a transporter.
  2074 | D:4      | HP: 2/50 [shadow imp/nerve-wracking pain (12)]
  2074 | D:4      | Killed from afar by an orc priest

Skill      XL: |  1  2  3  4  5 |
---------------+----------------+-----
Fighting       | 4 5 6 |  6.0
Axes           | 3 4 5 |  5.3
Armour         | |  3.6
Shields        | |  3.6

Action                   |  1- 3 |  4- 6 || total
-------------------------+-------+-------++-------
Melee: War axe           |   108 |    89 ||   197
       Headbutt          |    11 |     9 ||    20
  Eat: Chunk             |     1 |     3 ||     4
Armor: Scale mail        |    52 |    19 ||    71
       Chain mail        |       |    11 ||    11
Dodge: Dodged            |    38 |    30 ||    68
Block: Shield            |    50 |    51 ||   101
